 Dungeon Crawl Stone Soup version 0.26.0-18-gc5c842f807 (webtiles) character file.

Game seed: 12335929069393732803

21 thiole the Magician (level 2, -3/17 HPs)
             Began as an Octopode Hedge Wizard on Jan 23, 2021.
             Slain by Natasha (7 damage)
             ... on level 2 of the Dungeon.
             The game lasted 00:01:01 (1111 turns).

thiole the Magician (Octopode Hedge Wizard)         Turns: 1111, Time: 00:01:01

Health: -3/17      AC:  1    Str:  9    XL:     2   Next: 83%
Magic:  3/6        EV: 13    Int: 16    God:
Gold:   41         SH:  0    Dex: 11    Spells: 6/7 levels left

rFire    . . .     SeeInvis .   a - +0 dagger
rCold    . . .     Faith    .   (no shield)
rNeg     . . .     Spirit   .   b - +0 hat
rPois    .         Reflect  .   (no amulet)
rElec    .         Harm     .   (no ring)
rCorr    .         Rampage  .   (no ring)
Will     .....                  (no ring)
Stlth    +++.......             (no ring)
HPRegen  0.05/turn              (no ring)
MPRegen  0.10/turn              (no ring)
                                (no ring)
                                (no ring)

@: brilliant, very slightly contaminated, slowed, very slow
A: almost no armour, stealthy swim, amphibious, 8 rings, constrict 8, camouflage
1, gelatinous body 1
a: no special abilities


You were on level 2 of the Dungeon.
You visited 1 branch of the dungeon, and saw 2 of its levels.

You collected 41 gold pieces.

Inventory:

Hand Weapons
 a - a +0 dagger (weapon)
 f - a +2 dagger of holy wrath
Armour
 b - a +0 hat (worn)
Scrolls
 d - a scroll of enchant armour {unknown}
 h - 2 scrolls of remove curse {unknown}
 i - a scroll of enchant weapon {unknown}
 j - a scroll of identify {unknown}
 l - a scroll of noise {unknown}
Potions
 c - a potion of brilliance
 e - a potion of curing {unknown}
 g - a potion of resistance {unknown}
 k - a potion of degeneration {unknown}


   Skills:
 - Level 2.0 Dodging
 + Level 3.0 Stealth
 + Level 3.1 Spellcasting
 * Level 1.6 Conjurations
 * Level 1.7 Summonings
 - Level 1.0 Translocations


You had 6 spell levels left.
You knew the following spells:

 Your Spells              Type           Power        Failure   Level
a - Magic Dart            Conj           44%          10%         1

Your spell library contained the following spells:

 Spells                   Type           Power        Failure   Level
 Call Imp                 Summ           12%          14%         2
 Blink                    Tloc           N/A          19%         2
 Slow                     Hex            3%           28%         2
 Conjure Flame            Conj/Fire      7%           36%         3
 Mephitic Cloud           Conj/Pois/Air  6%           41%         3


Dungeon Overview and Level Annotations

Branches:
Dungeon (2/15)

Altars:

Annotations:
D:2 Natasha


Innate Abilities, Weirdness & Mutations

You cannot wear most types of armour.
You are very stealthy in the water. (Stealth+)
You are amphibious.
You can wear up to eight rings at the same time.
You can use your tentacles to constrict eight enemies at once.
Your skin changes colour to match your surroundings (Stealth+).
Your rubbery body absorbs attacks. (AC +1, EV +1)


Message History

Aiming: Magic Dart (safe; 10% risk of failure)
Press: ? - help, Shift-Dir - straight line, f/p - Natasha
Aim: Natasha (0% to evade)
The magic dart hits Natasha but does no damage.
Natasha claws you!
Ouch! That really hurt!
Natasha claws you.
* * * LOW HITPOINT WARNING * * *
Casting: Magic Dart (safe; 10% risk of failure)
Confirm with . or Enter, or press ? or * to list all spells.
Aiming: Magic Dart (safe; 10% risk of failure)
Press: ? - help, Shift-Dir - straight line, f/p - Natasha
Aim: Natasha (0% to evade)
You miscast Magic Dart.
You are very lightly contaminated with residual magic.
Nothing appears to happen.
Natasha misses you.
It was a potion of brilliance.
You feel clever all of a sudden. Natasha closely misses you. Natasha claws you!
You die...

####+########
#...........
#..........
#.........
....>....
#...h.#
#####@#
#<....#
#######


You could see Natasha.

Vanquished Creatures
  A dart slug (D:1)
  2 bats (D:1)
  4 giant cockroaches (D:1)
  A goblin (D:1)
  4 hobgoblins (D:1)
  A ball python (D:1)
  2 frilled lizards (D:1)
  A kobold (D:1)
16 creatures vanquished.

Notes
Turn   | Place    | Note
-------+----------+-------------------------------------------
     0 | D:1      | thiole the Octopode Hedge Wizard began the quest for the
                  | Orb.
     0 | D:1      | Reached XP level 1. HP: 11/11 MP: 4/4
   306 | D:1      | Reached XP level 2. HP: 17/17 MP: 3/6
  1107 | D:2      | Noticed Natasha
  1111 | D:2      | Slain by Natasha

Illustrated notes

Levels and vault maps discovered:
D:1:      amcnicky_arrival_abandoned_market, layout_basic,
          chequers_serial_rivers_room_a
D:2:      layout_basic, xom_redecorated, minmay_tromino_mix6, uniq_terence,
          uniq_natasha

Skill      XL: |  1  2 |
---------------+-------+-----
Stealth        | 3 |  3.0
Dodging        | |  2.0
Spellcasting   | |  3.1
Conjurations   | |  1.6
Summonings     | |  1.7
Translocations | |  1.0

Action                   || total
-------------------------++-------
Melee: Dagger            ||     9
       Constrict         ||     3
       Tentacles         ||     1
 Cast: Magic Dart        ||    43
  Use: Potion            ||     1
Armor: Skin              ||     2
Dodge: Dodged            ||    14
